AoeStats
← [NICE_ASS] BigMasi

Golden Pit

507354221Analyzed
1v1 RM · 15d ago on Sep 17, 2026· 39m 48s· 2 players
Game mode
Random Map
Map size
Tiny (2 player)
Population
200
Speed
Normal
Resources
Standard
Victory
Conquest
Starting age
Dark Age
Ending age
Imperial Age
RankedLock teamsTeams togetherTeam positionsShared explorationLock speedFull tech treeHidden civsTurbo modeCheats
Victory
Defeat
🇨🇭 Koreans · Switzerland
1259
+17
🇦🇷 Portuguese · Argentina
1291
-17
cerbero
0:28 Loom
9:39 Feudal Age
11:25 Double-Bit Axe
14:33 Fletching
19:13 Gold Mining
21:07 Wheelbarrow
23:56 Castle Age
22:49 Scale Barding Armor
22:45 Padded Archer Armor
24:34 Bodkin Arrow
24:00 Crossbowman
24:56 Husbandry
33:21 Elite Skirmisher
34:40 Leather Archer Armor
35:21 Town Watch
39:54 Stone Mining
[NICE_ASS] BigMasi
8:49 Loom
10:35 Feudal Age
14:25 Double-Bit Axe
19:56 Castle Age
19:01 Fletching
20:37 Bodkin Arrow
21:22 Bow Saw
20:54 Horse Collar
21:26 Elite Skirmisher
25:16 Town Watch
26:36 Ballistics
29:33 Gold Mining
29:33 Stone Mining
30:27 Wheelbarrow
35:39 Herbal Medicine
36:35 Heavy Plow
37:20 Stone Mining
38:18 Husbandry
38:55 Hand Cart
42:39 Imperial Age
Connection lost

Rejoining the realm…

Still unreachable

The connection could not be restored.

Session expired

The server has moved on; the page needs a fresh start.